 Dungeon Crawl Stone Soup version 0.27.0-1-g7a089689b8 (webtiles) character file.

Game seed: 803795853507921492

20 sanka the Ducker (level 2, 13/13 HPs)
             Began as a Spriggan Fire Elementalist on July 31, 2021.
             Was a Follower of Qazlal.
             Got out of the dungeon alive.
             The game lasted 00:01:10 (1066 turns).

sanka the Ducker (Spriggan Fire Elementalist)       Turns: 1066, Time: 00:01:10

Health: 13/13      AC:  2    Str:  4    XL:     2   Next: 58%
Magic:  6/6        EV: 18    Int: 16    God:    Qazlal [*.....]
Gold:   9          SH:  1    Dex: 15    Spells: 5/6 levels left

rFire    . . .     SeeInvis +   c - +0 short sword
rCold    . . .     Faith    .   (shield restricted)
rNeg     . . .     Spirit   .   a - +0 robe
rPois    .         Reflect  .   (helmet restricted)
rElec    .         Harm     .   (no cloak)
rCorr    .         Rampage  .   (gloves unavailable)
Will     .....                  (boots unavailable)
Stlth    ++........             (no amulet)
HPRegen  0.04/turn              (no ring)
MPRegen  0.10/turn              (no ring)

@: very quick
A: very small, no large weapons, unfitting armour, see invisible, speed 3
a: Renounce Religion


You escaped.
You worshipped Qazlal.
Qazlal was aware of your devotion.
You visited 1 branch of the dungeon, and saw 1 of its levels.

You collected 9 gold pieces.


Innate Abilities, Weirdness & Mutations

You are very small and have problems with some larger weapons.
You are too small for most types of armour.
You have supernaturally acute eyesight. (SInv)
You cover ground extremely quickly. (Speed+++)


   Skills:
 + Level 4.3 Dodging
 - Level 3.0 Stealth
 - Level 2.6 Spellcasting
 - Level 0.6 Conjurations
 - Level 2.4 Fire Magic


You had 5 spell levels left.
You knew the following spells:

 Your Spells              Type           Power      Damage    Failure   Level
y - Foxfire               Conj/Fire      24%        2x1d5     11%         1

Your spell library contained the following spells:

 Spells                   Type           Power      Damage    Failure   Level
 Conjure Flame            Conj/Fire      6%         6-21      30%         3
 Inner Flame              Hex/Fire       6%         N/A       34%         3
 Sticky Flame             Conj/Fire      6%         2d3       71%         4
 Fireball                 Conj/Fire      3%         3d4       96%         5

Inventory:

Hand Weapons
 c - a +0 short sword (weapon)
Armour
 a - a +0 robe (worn)
Scrolls
 b - a scroll of teleportation {unknown}
 d - a scroll of noise {unknown}
 e - a scroll of enchant armour {unknown}

Dungeon Overview and Level Annotations

Branches:
Dungeon (1/15)

Altars:
Qazlal

▒.....▒ ▒...▒ ▒...... ▒.....▒
▒▒▒...▒▒▒ ▒..▒▒▒. ▒.....▒
▒.......▒ ▒..▒ ▒.
▒▒....▒▒▒▒.......▒▒▒▒..▒ ▒.
▒▒....▒.............▒..▒ ▒.
▒▒▒▒..[..'......⌠.....('..▒ ▒.
▒........▒..°..........▒..▒ ▒.
▒▒▒▒.▒▒.....▒▒▒▒.......▒▒▒▒▒.▒▒▒.
............▒ ▒i......▒ ▒......
▒▒▒▒≈▒▒▒▒...▒ ▒▒▒...▒▒▒ ▒......
▒...≈Pf.▒...▒ ▒...▒ ▒......
▒..≈..P▒▒...▒ ▒...▒ ▒......
▒▒P≈P.▒▒....▒ ▒▒▒'▒▒▒▒▒▒▒......
▒P≈.▒▒.....▒ ▒..........)....^
▒P≈.▒......▒ ▒▒..▒.............
▒▒≈.▒▒....▒▒ ▒.................
▒P≈P▒...▒▒▒▒▒▒.▒▒...........▒▒▒


There were no monsters in sight!


Message History

Your foxfire dissipates!
You see here a rat corpse.
You see here a rat corpse.
There is a stone staircase leading down here.
You see here 13 arrows.
Found a whip.
You see here a +0 whip.
You see here a +0 whip.
You enter the shallow water.
You enter the shallow water.
Found a faded altar of an unknown god.
Done exploring.
Done exploring.
There is a faded altar of an unknown god here.
You cannot tell which god this altar belongs to.
Convert to them anyway?
Okay, then.
You cannot tell which god this altar belongs to.
Convert to them anyway?
Qazlal accepts your prayer! Qazlal welcomes you!
Qazlal grants you and your divine allies immunity to clouds.
You are now surrounded by a storm.
Unknown command.
Press < or > to pray at altars.
You enter the shallow water.
You enter the shallow water.
You see here a +0 robe.
There is an open door here.
There is a staircase leading out of the dungeon here.
Are you sure you want to leave the Dungeon?
This will make you lose the game!
You have escaped!

Action                   || total
-------------------------++-------
Melee: Short sword       ||     9
 Cast: Foxfire           ||    25
 Stab: Sleeping          ||     2
Armor: Robe              ||     4
Dodge: Dodged            ||    19

Levels and vault maps discovered:
D:1:      minmay_arrival_cross, layout_rooms,
          shapermc_ecumenical_altar_hornbeckon

Notes
Turn   | Place    | Note
-------+----------+-------------------------------------------
     0 | D:1      | sanka the Spriggan Fire Elementalist began the quest for
                  | the Orb.
     0 | D:1      | Reached XP level 1. HP: 9/9 MP: 5/5
    29 | D:1      | Reached skill level 3 in Dodging
   245 | D:1      | Reached XP level 2. HP: 13/13 MP: 6/6
   657 | D:1      | Reached skill level 4 in Dodging
  1036 | D:1      | Found a faded altar of an unknown god.
  1039 | D:1      | Became a worshipper of Qazlal Stormbringer
  1039 | D:1      | Reached * piety under Qazlal
  1066 | D:$      | Got out of the dungeon alive.

Vanquished Creatures
  A dart slug (D:1)
  An endoplasm (D:1)
  A goblin (D:1)
  2 jackals (D:1)
  A quokka (D:1)
  4 ball pythons (D:1)
  2 bats (D:1)
  3 frilled lizards (D:1)
  A kobold (D:1)
  3 rats (D:1)
19 creatures vanquished.

Vanquished Creatures (others)
  43 foxfires (D:1)
43 creatures vanquished.

Grand Total: 62 creatures vanquished
